 Dungeon Crawl Stone Soup version bcrawl-1.23 (webtiles) character file.

Game seed: 3282089023797934752

5673 Artagas the Nimble (level 10, -1/61 HPs)
             Began as a Felid Summoner on May 21, 2020.
             Was a Priest of Sif Muna.
             Slain by a hippogriff (3 damage)
             ... on level 3 of the Lair of Beasts on May 22, 2020.
             The game lasted 01:07:07 (18844 turns).

Artagas the Nimble (Felid Summoner)                Turns: 18844, Time: 01:07:08

Health: -1/61      AC:  6    Str:  9    XL:     10   Next: 75%
Magic:  1/22       EV: 21    Int: 19    God:    Sif Muna [***...]
Gold:   664        SH:  0    Dex: 14    Spells: 6/24 levels left
                                        Lives:  0   Deaths: 3

rFire    . . .     SeeInvis +     - Unarmed
rCold    + + +     Gourm    .   (shield unavailable)
rNeg     . . .     Faith    .   (armour unavailable)
rPois    +         Spirit   .   (helmet unavailable)
rElec    +         Reflect  .   (cloak currently unavailable)
rCorr    .         Harm     .   (gloves unavailable)
MR       +++..                  (boots unavailable)
Stlth    +++.......             (no amulet)
HPRegen  0.20/turn              f - ring of wizardry
MPRegen  0.18/turn              b - ring "Ganunur" {rElec rF+ EV+5 Str+4 Dex-3}

@: ice-form, divine energy
A: large, no armour, no weapons or thrown items, stealth, see invisible,
carnivore, slow metabolism 1
a: End Transformation, Stop Divine Energy, Channel Magic, Renounce Religion


You were on level 3 of the Lair of Beasts.
You worshipped Sif Muna.
Sif Muna was most pleased with you.
You were full.
You were a creature of crystalline ice.
You visited 2 branches of the dungeon, and saw 11 of its levels.
You also visited: Sewer.

You collected 664 gold pieces.

Inventory:

Jewellery
 b - the ring "Ganunur" (right front paw) {rElec rF+ EV+5 Str+4 Dex-3}
   (You acquired it in a sewer)

   [ring of evasion]

   It affects your evasion (+5).
   It affects your strength (+4).
   It affects your dexterity (-3).
   It protects you from fire.
   It insulates you from electricity.
 c - an uncursed amulet of guardian spirit
   (You found it on level 2 of the Dungeon)
 f - a ring of wizardry (left front paw)
   (You found it on level 2 of the Dungeon)
 j - an uncursed ring of wizardry
   (You found it on level 5 of the Dungeon)
 k - an uncursed ring of fire
   (You found it on level 5 of the Dungeon)
Wands
 g - a wand of iceblast (9)
   (You found it on level 1 of the Lair of Beasts)
 i - a wand of flame (27)
   (You took it off a goblin on level 6 of the Dungeon)
 l - a wand of disintegration (20)
   (You found it on level 7 of the Dungeon)
 n - a wand of clouds (7)
   (You found it on level 2 of the Lair of Beasts)
 v - a wand of digging (4)
   (You found it on level 1 of the Lair of Beasts)
Scrolls
 a - a scroll of fog {unknown}
 d - 6 scrolls of remove curse
 m - 2 scrolls of magic mapping
 o - a scroll of enchant armour {unknown}
 p - a scroll of fear {unknown}
Potions
 h - 2 potions of haste
 q - a potion of curing
 s - a potion of agility
Comestibles
 e - 17 rations {!d}


   Skills:
 - Level 5.0 Fighting
 + Level 10.7 Dodging
 - Level 6.0 Stealth
 - Level 4.1 Unarmed Combat
 + Level 7.8 Spellcasting
 - Level 9.1 Summonings
 - Level 3.2 Ice Magic
 - Level 5.4 Air Magic
 + Level 3.1 Invocations
 + Level 3.1 Evocations


You had 6 spell levels left.
You knew the following spells:

 Your Spells              Type           Power        Failure   Level  Hunger
a - Summon Ice Beast      Ice/Summ       ####....     3%          4    ###....
b - Call Imp              Summ           #####.       1%          2    None
c - Call Canine Familiar  Summ           #####...     1%          3    #......
e - Summon Lightning Spi  Summ/Air       #####...     5%          5    #####..
f - Ice Form              Ice/Tmut       ##......     19%         4    ###....

Your spell library contained the following spells:

 Spells                   Type           Power        Failure   Level  Hunger
 Summon Small Mammal      Summ           ####         1%          1    None
 Aura of Abjuration       Summ           #####.....   2%          5    #####..
 Ensorcelled Hibernation  Hex/Ice        ##....       3%          2    None
 Beastly Appendage        Tmut           #.....       4%          1    None
 Corona                   Hex            #......      4%          1    None
 Magic Dart               Conj           #...         4%          1    None
 Song of Slaying          Chrm           #.......     6%          2    None
 Sticks to Snakes         Tmut           #.......     6%          2    None
 Confuse                  Hex            #.......     12%         3    #......
 Dazzling Spray           Conj/Hex       #.....       12%         3    #......
 Spider Form              Tmut/Pois      #..          12%         3    #......
 Tukima's Dance           Hex            #.......     12%         3    #......
 Summon Hydra             Summ           #####.....   14%         6    ######.
 Summon Forest            Summ/Tloc      ###.......   16%         5    #####..
 Throw Icicle             Conj/Ice       ##......     19%         4    ###....
 Blade Hands              Tmut           #.........   67%         5    #####..
 Irradiate                Conj/Tmut      #.........   67%         5    #####..
 Iskenderun's Battlesphe  Conj/Chrm      #.......     67%         5    #####..
 Deflect Missiles         Chrm/Air       ###.......   86%         6    ######.
 Borgnjor's Vile Clutch   Necr/Erth      #.........   99%         6    ######.
 Monstrous Menagerie      Summ           #####.....   56%         7    #######
 Summon Greater Demon     Summ           #####.....   56%         7    #######
 Spellforged Servitor     Conj/Summ      ###.......   99%         7    #######
 Chain Lightning          Conj/Air       ###.......   100%        8    #######
 Lehudib's Crystal Spear  Conj/Erth      #.........   100%        8    #######
 Shatter                  Erth           #.........   100%        9    #######


Dungeon Overview and Level Annotations

Branches:
Dungeon (8/12)             Temple (0/1) D:6            Lair (3/6) D:8
  Swamp: Lair:2-4    Shoals: Lair:2-4     Snake: Lair:2-4    Spider: Lair:2-4
    Orc: D:8-11

Altars:
Dithmenos
Elyvilon
Hepliaklqana
Ru
Sif Muna
Trog
Uskayaw
Vehumet
Wu Jian
Xom
The Shining One

Shops:
D:7 [

Annotations:
D:3 Grinder, Robin


Innate Abilities, Weirdness & Mutations

You cannot wear almost all types of armour.
You are incapable of wielding weapons or throwing items.
Your paws allow you to move quietly. (Stealth)
((You have sharp claws.))
((You have razor-sharp teeth.))
You have supernaturally acute eyesight. (SInv)
You are carnivorous and can eat meat at any time.
((You cover ground quickly.))
((You are covered in thick fur. (AC +2)))
You have a slow metabolism.
((Your sharp claws are effective at attacking unaware monsters.))


Message History

The iceblast engulfs the eight-headed hydra!!
You kill the eight-headed hydra!
Sif Muna accepts your kill.
You hear a trumpeting! x2; You hear a screech!
You swap places.
There is a stone staircase leading up here.
You see here a hydra corpse.
What are your orders? t - Meow!
Orders for allies: a - Attack new target. r - Retreat! s - Stop attacking. g - Guard the area. f - Follow me.
Anything else - Cancel.
Gang up on whom?
Press: ? - help, Dir - move target cursor, f - porcupine
Aim: a porcupine Attack!
Your ice beast hits the porcupine.
Your ice beast freezes the porcupine!
The porcupine closely misses your ice beast.
Your ice beast hits the porcupine.
The porcupine dies!
Sif Muna accepts your kill. What are your orders? t - Meow!
Orders for allies: a - Attack new target. r - Retreat! s - Stop attacking. g - Guard the area. f - Follow me.
Anything else - Cancel.
Gang up on whom?
Press: ? - help, Dir - move target cursor, f - elephant
Aim: an elephant Attack!
The elephant tramples your ice beast.
Your ice beast stumbles backwards!
A hippogriff comes into view.
You hear the loud beating of a distant drum.
Your ice beast hits the elephant but does no damage.
The elephant tramples your ice beast!
Your ice beast stumbles backwards!
Your ice beast hits the elephant but does no damage.
The elephant tramples your ice beast!
Your ice beast holds its ground!
The elephant trunk-slaps your ice beast but does no damage.
You climb upwards.
Your summoned ally is left behind.
There is a stone staircase leading down here.
There is a stone staircase leading down here.
You climb downwards.
You hear a distant snort.
Hark!
There is a gateway to a gauntlet on this level.
Find the entrance quickly before the gate is sealed!
A hippogriff comes into view.
There is a stone staircase leading up here.
The polar bear growls angrily.
The hippogriff screeches!
The bullfrog croaks.
The eight-headed hydra roars!
The black mamba bites you!!
You are poisoned.
The black mamba poisons you! The bullfrog completely misses you.
The black mamba barely misses you.
You climb upwards.
You feel very sick.
There is a stone staircase leading down here.
Casting: Summon Ice Beast (safe; 3% risk of failure)
Confirm with . or Enter, or press ? or * to list all spells.
You turn into a creature of crystalline ice.
You feel sick. The black mamba completely misses you.
Casting: Ice Form (slightly dangerous; 19% risk of failure)
Confirm with . or Enter, or press ? or * to list all spells.
Aiming: Summon Lightning Spire (safe; 5% risk of failure)
Press: ? - help, Dir - move target cursor An electric hum fills the air.
Sif Muna grants you divine energy.
You briefly lose access to your magic!
You feel sick. The black mamba completely misses you.
The black mamba barely misses you.
You barely miss the black mamba.
You feel sick. The black mamba barely misses you. The black mamba bites you!
* * * LOW HITPOINT WARNING * * *
Okay, then.
Evoke which item? (* to show all) (? for menu, Esc to quit)
Okay, then.
You feel better. The black mamba closely misses you.
Your lightning spire shoots out a bolt of lightning at the black mamba!
The bolt of electricity hits the black mamba!
The black mamba bites you!
* * * LOW HITPOINT WARNING * * *
Evoke which item? (* to show all) (? for menu, Esc to quit)
Okay, then.
You are unable to access your magic!
The black mamba misses you.
You climb downwards.
Your summoned ally is left behind.
You hear a distant snort.
Hark!
There is a gateway to a gauntlet on this level.
Find the entrance quickly before the gate is sealed!
You regain access to your magic.
The bullfrog completely misses you. The bullfrog closely misses you.
The eight-headed hydra bites you.
* * * LOW HITPOINT WARNING * * *
The eight-headed hydra barely misses you.
The eight-headed hydra misses you.
The eight-headed hydra completely misses you. x2
The eight-headed hydra misses you.
The eight-headed hydra barely misses you.
The eight-headed hydra bites you.
* * * LOW HITPOINT WARNING * * *
The hippogriff bites you.
You die...

....... ..
#...#.## ..
.
..#...##.#..
...........
#........##
##.8h8.....#
#...S...#
#..HY...#
#.....DF...#
#..#..8.8..#
#
........#..
#.........
.#
##.##......
# #.
##..#..# .
......#


You could see an eight-headed hydra, a polar bear, a hippogriff, a black mamba
and a bullfrog.

Vanquished Creatures
  A hydra (Lair:3)
  Pikel (D:8)
  2 cane toads
  A komodo dragon (Lair:1)
  A rime drake (Lair:1)
  2 blink frogs (Lair:2)
  A hornet (D:7)
  A basilisk (Lair:2)
  A yak (D:8)
  A porcupine (Lair:2)
  A slave (D:8)
  2 sky beasts (D:8)
  A phantom (D:4)
  A wolf (Lair:1)
  2 bullfrogs
  A wight (D:8)
  4 electric eels (Lair:2)
  A jelly (D:8)
  A bullfrog zombie (D:8)
  A centaur skeleton (D:8)
  Terence (D:2)
  2 orc wizards
  2 worker ants
  A hound skeleton (D:4)
  2 adders
  2 adder skeletons
  6 orcs
  2 ball pythons (Sewer)
  A giant cockroach (D:2)
  7 hobgoblins
  3 jackals
  5 kobolds
  A bat (D:1)
  3 frilled lizards
  6 goblins
  3 rats
74 creatures vanquished.

Vanquished Creatures (collateral kills)
  A hydra (Lair:1)
  3 two-headed ogres
  3 cane toads
  A redback zombie (D:8)
  A troll (D:8)
  8 blink frogs (Lair:2)
  Prince Ribbit (Lair:2)
  5 yaks (D:8)
  Grum (Lair:1)
  A steam dragon (Lair:2)
  4 crocodiles
  3 porcupines
  4 water moccasins
  A slave (D:8)
  2 ice beasts
  A black bear (D:7)
  6 ogres
  8 wolves (Lair:1)
  2 bullfrogs
  A scorpion (D:7)
  4 wights (D:8)
  2 crimson imps (D:5)
  A centaur zombie (D:6)
  A quasit (D:5)
  5 orc wizards
  A jelly (D:8)
  2 orc priests
  Crazy Yiuf (D:7)
  An iguana (D:8)
  Jessica (D:3)
  3 worker ants
  11 adders
  5 river rats (Sewer)
  2 oozes
  An adder skeleton (D:7)
  A worm (D:1)
  A dart slug (D:1)
  13 orcs
  3 ball pythons
  3 goblins
  5 hobgoblins
  7 jackals
  4 kobolds
  2 quokkas
  2 bats (D:1)
  3 frilled lizards
  A quokka skeleton (D:5)
  15 rats
158 creatures vanquished.

Vanquished Creatures (others)
  A slave (D:8)
  A howler monkey skeleton (D:8)
  4 fungi
  A plant (Lair:2)
7 creatures vanquished.

Grand Total: 239 creatures vanquished

Notes
Turn   | Place    | Note
-------+----------+-------------------------------------------
     0 | D:1      | Artagas the Felid Summoner began the quest for the Orb.
     0 | D:1      | Reached XP level 1. HP: 9/9 MP: 4/4
   176 | D:1      | Reached skill level 3 in Dodging
   216 | D:1      | Reached XP level 2. HP: 13/13 MP: 6/6
   250 | D:1      | Learned a level 2 spell: Call Imp
  1509 | D:2      | Reached XP level 3. HP: 16/16 MP: 7/7
  1559 | D:2      | Learned a level 3 spell: Call Canine Familiar
  1686 | D:2      | Noticed Terence
  1835 | D:2      | Found a radiant altar of Vehumet.
  2962 | D:3      | Reached skill level 4 in Stealth
  2969 | D:3      | Reached skill level 1 in Fighting
  2969 | D:3      | Reached skill level 4 in Dodging
  2969 | D:3      | Reached skill level 1 in Unarmed Combat
  2969 | D:3      | Reached skill level 4 in Summonings
  2969 | D:3      | Reached XP level 4. HP: 22/22 MP: 1/8
  2969 | D:3      | Reached XP level 5. HP: 25/25 MP: 1/9
  2969 | D:3      | Noticed Grinder
  2984 | D:3      | Noticed Jessica
  2984 | D:3      | Reached skill level 2 in Unarmed Combat
  3057 | D:3      | Reached skill level 2 in Fighting
  3057 | D:3      | Reached skill level 5 in Stealth
  3057 | D:3      | Noticed a sky beast
  3235 | D:2      | Killed Terence
  3353 | D:3      | Gained mutation: You are covered in thick fur. (AC +2)
                  | [Felid growth]
  3353 | D:3      | Reached XP level 6. HP: 26/30 MP: 6/11
  3359 | D:3      | Reached skill level 3 in Unarmed Combat
  3359 | D:3      | Noticed Robin
  3745 | D:3      | Reached skill level 3 in Spellcasting
  3815 | D:3      | Killed Jessica
  4457 | D:4      | Reached skill level 4 in Unarmed Combat
  4769 | D:3      | Learned a level 4 spell: Summon Ice Beast
  5491 | D:4      | Found a shadowy altar of Dithmenos.
  5542 | D:4      | Found a shimmering blue altar of Sif Muna.
  5543 | D:4      | Found a shimmering altar of Xom.
  5781 | D:4      | Became a worshipper of Sif Muna the Loreminder
  5839 | D:4      | Reached skill level 1 in Ice Magic
  5839 | D:4      | Reached XP level 7. HP: 35/35 MP: 12/12
  6270 | D:5      | Entered Level 5 of the Dungeon
  6854 | D:5      | Reached skill level 6 in Stealth
  7309 | D:5      | Reached * piety under Sif Muna
  7309 | D:5      | Reached skill level 5 in Summonings
  7309 | D:5      | Reached skill level 3 in Ice Magic
  7309 | D:5      | Reached XP level 8. HP: 39/39 MP: 13/13
  7309 | D:5      | Noticed a two-headed ogre
  7329 | D:5      | Killed a two-headed ogre
  7659 | D:5      | Identified Sif Muna's Papyrus of the Escort (Sif Muna
                  | gifted it to you on level 5 of the Dungeon)
  7659 | D:5      | Received a gift from Sif Muna
  8317 | D:6      | Found a radiant altar of Vehumet.
  8368 | D:6      | Found a staircase to the Ecumenical Temple.
  8386 | D:6      | Found a glowing drain.
  8421 | Sewer    | Entered a sewer
  8568 | Sewer    | Reached skill level 4 in Spellcasting
  8581 | Sewer    | Reached skill level 6 in Summonings
  8589 | Sewer    | Learned a level 5 spell: Summon Lightning Spire
  8832 | Sewer    | Noticed a tormentor
  8848 | Sewer    | HP: 4/39 [???[miscasting Summon Lightning Spire] (2)]
  8861 | Sewer    | HP: 3/39 [???[miscasting Summon Lightning Spire] (1)]
  8863 | Sewer    | Identified a scroll of acquirement
  8863 | Sewer    | Identified the ring "Ganunur" {rElec rF+ EV+5 Str+4 Dex-3}
                  | (You acquired it in a sewer)
  8871 | Sewer    | HP: 3/39 [???[miscasting Summon Lightning Spire] (1)]
  9109 | Sewer    | HP: 5/39 [???[miscasting Summon Lightning Spire] (2)]
  9115 | Sewer    | HP: 3/39 [???[miscasting Summon Lightning Spire] (1)]
  9118 | Sewer    | Killed from afar by a tormentor
  9119 | Sewer    | Reached XP level 7. HP: -9/35 MP: 0/14
  9313 | D:6      | Found a glowing golden altar of the Shining One.
  9633 | D:7      | Reached skill level 5 in Dodging
  9633 | D:7      | Reached skill level 2 in Air Magic
  9633 | D:7      | Reached XP level 8. HP: 39/39 MP: 15/15
  9633 | D:7      | Noticed a two-headed ogre
  9678 | D:7      | Killed a two-headed ogre
  9788 | D:7      | Found a sacrificial altar of Ru.
 10146 | D:7      | Found Xallyach's Antique Armour Shop.
 10390 | D:7      | Reached skill level 3 in Air Magic
 10673 | D:7      | Reached skill level 7 in Summonings
 11018 | D:7      | Noticed a hornet
 11032 | D:7      | Killed a hornet
 11296 | D:7      | Found a runed door.
 11305 | D:7      | Noticed Crazy Yiuf
 11317 | D:7      | Killed Crazy Yiuf
 11450 | D:8      | Reached skill level 4 in Air Magic
 11809 | D:8      | Found a staircase to the Lair.
 12190 | D:8      | Reached ** piety under Sif Muna
 12222 | D:8      | Reached skill level 6 in Dodging
 12222 | D:8      | Reached XP level 9. HP: 42/42 MP: 13/16
 12273 | D:8      | HP: 2/42 [redback zombie (11)]
 12570 | D:8      | Identified Xapreoxt's Handbook of Dusty Enhancements (Sif
                  | Muna gifted it to you on level 8 of the Dungeon)
 12570 | D:8      | Received a gift from Sif Muna
 12710 | D:8      | Found a bloodstained altar of Trog.
 12710 | D:8      | Found a hide-covered altar of Uskayaw.
 12711 | D:8      | Noticed Pikel
 12771 | D:8      | Killed Pikel
 12942 | D:8      | Found an ornate altar of the Wu Jian Council.
 12989 | D:8      | Reached skill level 5 in Spellcasting
 13066 | D:8      | Reached skill level 5 in Air Magic
 13066 | D:8      | Noticed a two-headed ogre
 13090 | D:8      | Killed a two-headed ogre
 13234 | D:8      | Reached skill level 8 in Summonings
 13234 | D:8      | Noticed a troll
 13277 | D:8      | Killed a troll
 13636 | D:8      | Found a hazy altar of Hepliaklqana.
 14263 | D:8      | Learned a level 4 spell: Ice Form
 14307 | Lair:1   | Entered Level 1 of the Lair of Beasts
 14307 | Lair:1   | Reached skill level 3 in Fighting
 14315 | Lair:1   | Noticed a komodo dragon
 14330 | Lair:1   | Killed a komodo dragon
 14407 | Lair:1   | Reached XP level 10. HP: 49/49 MP: 17/19
 14502 | Lair:1   | Reached skill level 7 in Dodging
 14513 | Lair:1   | Noticed a cane toad
 14529 | Lair:1   | Killed a cane toad
 14600 | Lair:1   | Reached skill level 6 in Spellcasting
 14752 | Lair:1   | Killed from afar by a rime drake
 14753 | Lair:1   | Reached XP level 9. HP: 0/52 MP: 6/19
 14783 | Lair:1   | Noticed Grum
 14787 | Lair:1   | Reached skill level 8 in Dodging
 14787 | Lair:1   | Reached skill level 9 in Summonings
 14787 | Lair:1   | Noticed a four-headed hydra
 14791 | Lair:1   | Noticed a komodo dragon
 14818 | Lair:1   | Noticed a cane toad
 14861 | Lair:1   | Killed from afar by a rime drake
 14862 | Lair:1   | Reached XP level 8. HP: -8/42 MP: 3/18
 15153 | Lair:1   | Killed Grum
 15156 | Lair:1   | Killed a cane toad
 15492 | Lair:1   | HP: 3/42 [wolf (11)]
 15764 | Lair:1   | Reached skill level 4 in Fighting
 15764 | Lair:1   | Reached skill level 9 in Dodging
 15764 | Lair:1   | Reached XP level 9. HP: 45/45 MP: 19/19
 15764 | Lair:1   | Noticed a rime drake
 15776 | Lair:1   | HP: 6/45 [rime drake/flash freeze (11)]
 15777 | Lair:1   | Killed a rime drake
 16512 | Lair:1   | Killed a four-headed hydra
 16592 | Lair:2   | Found a white marble altar of Elyvilon.
 16620 | Lair:2   | Reached *** piety under Sif Muna
 16645 | Lair:2   | Noticed an eight-headed hydra
 16998 | Lair:2   | Reached skill level 5 in Fighting
 17112 | Lair:2   | Reached skill level 10 in Dodging
 17123 | Lair:2   | Identified Sif Muna's Incunabulum of Creative Attacks (Sif
                  | Muna gifted it to you on level 2 of the Lair of Beasts)
 17123 | Lair:2   | Received a gift from Sif Muna
 17123 | Lair:2   | Noticed a cane toad
 17135 | Lair:2   | Killed a cane toad
 17275 | Lair:2   | Noticed Prince Ribbit
 17275 | Lair:2   | Reached skill level 7 in Spellcasting
 17289 | Lair:2   | Killed Prince Ribbit
 17290 | Lair:2   | HP: 1/47 [blink frog[Prince Ribbit] (19)]
 17733 | Lair:2   | Reached skill level 1 in Invocations
 17733 | Lair:2   | Reached skill level 1 in Evocations
 17733 | Lair:2   | Reached XP level 10. HP: 51/51 MP: 21/21
 17733 | Lair:2   | Noticed a cane toad
 17745 | Lair:2   | Killed a cane toad
 18092 | Lair:2   | Noticed a cane toad
 18108 | Lair:2   | Killed a cane toad
 18752 | Lair:3   | Reached skill level 2 in Invocations
 18752 | Lair:3   | Reached skill level 2 in Evocations
 18752 | Lair:3   | Noticed a black mamba
 18760 | Lair:3   | Noticed a cane toad
 18760 | Lair:3   | Noticed an elephant
 18760 | Lair:3   | Noticed an elephant
 18760 | Lair:3   | Noticed an elephant
 18786 | Lair:3   | Noticed an eight-headed hydra
 18797 | Lair:3   | Reached skill level 3 in Invocations
 18797 | Lair:3   | Reached skill level 3 in Evocations
 18798 | Lair:3   | Killed an eight-headed hydra
 18844 | Lair:3   | HP: 5/61 [eight-headed hydra (5)]
 18844 | Lair:3   | HP: 2/61 [eight-headed hydra (3)]
 18844 | Lair:3   | Slain by a hippogriff

Skill      XL: |  1  2  3  4  5  6  7  8  9 10 |
---------------+-------------------------------+-----
Dodging        | 3 4 5 9 10 7 | 10.7
Stealth        | 4 5 6 |  6.0
Fighting       | 1 2 4 5 |  5.0
Unarmed Combat | 1 2 4 |  4.1
Summonings     | 4 5 7 9 |  9.1
Spellcasting   | 3 4 7 6 |  7.8
Ice Magic      | 1 3 |  3.2
Air Magic      | 2 4 5 |  5.4
Invocations    | 1 3 |  3.1
Evocations     | 1 3 |  3.1

Action                   |  1- 3 |  4- 6 |  7- 9 | 10-12 || total
-------------------------+-------+-------+-------+-------++-------
Melee: Unarmed           |    40 |   103 |   169 |    33 ||   345
       Bite              |     3 |     9 |    15 |     2 ||    29
       Punch             |       |       |     1 |       ||     1
 Cast: Summon Small Mamm |    51 |     3 |       |       ||    54
       Call Imp          |    13 |    35 |    11 |     3 ||    62
       Call Canine Famil |     1 |    14 |     6 |       ||    21
       Summon Ice Beast  |       |       |   163 |    22 ||   185
       Summon Lightning  |       |       |    23 |     6 ||    29
       Ice Form          |       |       |     2 |     3 ||     5
Invok: Divine Energy     |       |       |     1 |       ||     1
Evoke: Wand              |       |       |    15 |     2 ||    17
  Use: Scroll            |     4 |     3 |    11 |     3 ||    21
       Potion            |       |     2 |     2 |     1 ||     5
 Stab: Sleeping          |     5 |       |     5 |     1 ||    11
       Distracted        |       |     4 |     3 |       ||     7
  Eat: Chunk             |    12 |     7 |    50 |     8 ||    77
       Ration            |       |       |     4 |     1 ||     5
Armor: Skin              |     2 |     9 |     7 |     1 ||    19
Dodge: Dodged            |    36 |    84 |   225 |    38 ||   383

Levels and vault maps discovered:
D:1:      eino_arrival_cavern_d, layout_basic
D:2:      layout_loops_ring, fiery_altar_vehumet, uniq_terence
D:3:      layout_basic, uniq_robin, uniq_grinder, uniq_jessica
D:4:      layout_basic, nicolae_dithmenos_through_a_glass_darkly,
          gammafunk_temple_overflow_statue, first_ration
D:5:      layout_layer_cave
D:6:      layout_loops_ring, lemuel_crystal_altar, cheibriados_altar_1,
          minmay_temple_entry_large_hall, portal_sewer_entry_d,
          vehumet_altar_wand_db
D:7:      layout_basic, old_standard_altar, serial_shops, nicolae_shop_crystal,
          uniq_crazy_yiuf_cottage
D:8:      layout_basic, chequers_temple_overflow_statue_of_worship,
          overflow_temple_1_default, kennysheep_mini, lair_entry_dummy,
          grunt_ogre_cave, uniq_pikel
Lair:1:   layout_hall_layers, minivault_24, serial_bayou_ford_a, uniq_grum
Lair:2:   layout_regular_city, basic_altar, serial_bayou_lake_a,
          lemuel_fruit_tree, infiniplex_staircase_pool, lemuel_fruit_fields,
          uniq_prince_ribbit2
Lair:3:   layout_hall_layers, spider_nest_entry_a, gauntlet_entry_generic,
          grunt_megastairs_2

Table legend:
 A = Turns spent in this place as a percentage of turns spent in the entire game.
 B = Non-inter-level travel turns spent in this place as a percentage of non-inter-level travel turns spent in the entire game.
 C = Inter-level travel turns spent in this place as a percentage of turns spent in this place.
 D = Turns resting spent in this place as a percentage of non-inter-level travel turns spent in this place.
 E = Turns spent auto-exploring this place as a percentage of non-inter-level travel turns spent in this place.
 F = Non-inter-level travel turns spent in this place divided by the number of levels of this place that you've seen.
                   A       B       C       D       E      F
               +-------+-------+-------+-------+-------+----------------------
         Total | 100.0 | 100.0 |   4.2 |  31.4 |  43.0 | 1504.7
       Dungeon |  71.6 |  71.2 |   4.6 |  24.1 |  49.9 | 1607.8
          Lair |  24.1 |  24.2 |   3.5 |  46.8 |  29.7 | 1458.7
         Sewer |   4.3 |   4.5 |   0.0 |  64.9 |   6.6 | 818.0
               +-------+-------+-------+-------+-------+----------------------
